 Dungeon Crawl Stone Soup version 0.16.2-2-g470672f (webtiles) character file.

38 FruitAndGarbage the Insei (level 3, -8/28 HPs)
             Began as a Demigod Transmuter on Aug 17, 2015.
             Mangled by a worm (9 damage)
             ... on level 3 of the Dungeon.
             The game lasted 00:07:13 (1988 turns).

FruitAndGarbage the Insei (Demigod Transmuter)      Turns: 1988, Time: 00:07:13

Health: -8/28      AC:  2    Str: 13    XL:     3   Next: 10%
Magic:  8/17       EV: 13    Int: 21    God:
Gold:   110        SH:  0    Dex: 16    Spells: 3 memorised, 0 levels left

rFire  . . .     SeeInvis +       - Unarmed
rCold  . . .     Clarity  .     c - +0 robe
rNeg   . . .     SustAb   +     (no shield)
rPois  +         Gourm    .     (no helmet)
rElec  .         Spirit   .     (no cloak)
rCorr  .         Warding  .     (no gloves)
rMut   .         Stasis   .     (no boots)
MR     .....                    (no amulet)
Stlth  ++........               (no ring)
                                h - ring of magical power

@: not resistant to hostile enchantments, unstealthy
A: see invisible, clever 1, poison resistance, sustain abilities
a: no special abilities


You were on level 3 of the Dungeon.
You were not hungry.

You visited 1 branch of the dungeon, and saw 3 of its levels.

You collected 110 gold pieces.

Inventory:

Missiles
 b - 61 arrows
Armour
 c - a +0 robe (worn)
Jewellery
 h - a ring of magical power (left hand)
Magical devices
 o - a wand of flame (34)
Scrolls
 e - a scroll of enchant armour {unknown}
 f - 2 scrolls of magic mapping {unknown}
 i - a scroll of identify {unknown}
 n - a scroll of noise {unknown}
Potions
 m - a potion of invisibility
Books
 d - a book of Changes

   Spells                             Type                      Level
   a - Beastly Appendage              Transmutation                1
   b - Sticks to Snakes               Transmutation                2
   c - Spider Form                    Transmutation/Poison         3
   d - Ice Form                       Ice/Transmutation            4
   e - Blade Hands                    Transmutation                5
Comestibles
 a - 4 bread rations
 j - a meat ration
 k - a slice of pizza
 q - 4 chunks of flesh


   Skills:
 * Level 1.1 Fighting
 + Level 2.2 Dodging
 * Level 0.8 Stealth
 + Level 2.9 Unarmed Combat
 * Level 2.0 Spellcasting
 * Level 2.1 Transmutations


You couldn't memorise any spells.
You knew the following spells:

 Your Spells              Type           Power        Failure   Level  Hunger
a - Beastly Appendage     Trmt           ##....       8%          1    #......
b - Sticks to Snakes      Trmt           ##........   12%         2    ##.....
c - Spider Form           Trmt/Pois      #.........   30%         3    ###....


Dungeon Overview and Level Annotations

Branches:
Dungeon (3/15)

Annotations:
D:3 Quiffle's ghost, weakling HOFi


Innate Abilities, Weirdness & Mutations

Your attributes are resistant to harm.
You have supernaturally acute eyesight.
Your mind is acute. (Int +2)
Your system is resistant to poisons.


Message History

Really attack while wielding your 61 arrows?
You are now empty-handed.
Quiffle's ghost closely misses you. The ball python closely misses you.
The ball python misses you.
Your adder completely misses Quiffle's ghost.
The goblin shouts!
You hit the ball python.
You kill the ball python!
Your adder bites Quiffle's ghost but does no damage. x2
Your adder closely misses Quiffle's ghost.
Quiffle's ghost hits you.
* * * LOW HITPOINT WARNING * * *
A hobgoblin comes into view. It is wielding a club.
The hobgoblin shouts!
Your adder bites Quiffle's ghost but does no damage.
Your adder completely misses Quiffle's ghost.
Your talons disappear.
Found 7 gold pieces.
Something misses Quiffle's ghost.
The hobgoblin closely misses you. The worm bites you!
You die...

#.# . #.##############.....
#.####....(.()....).......
...........SS##########....
.......####.##
?....#.####.S#
####......##W#
####....g.#######
##...@wg$......
###.##..##### #. ...# ..
....# ... ..(..# #... .....
#... .... #... . .


You could see a worm, Quiffle's ghost, a hobgoblin, a goblin and a friendly
adder.

Vanquished Creatures
  A giant gecko (D:3)
  An orc (D:3)
  3 hobgoblins
  2 jackals (D:1)
  6 kobolds
  2 ball pythons
  7 bats
  4 giant cockroaches
  4 giant newts
  3 goblins
  6 rats
39 creatures vanquished.

Notes
Turn   | Place    | Note
--------------------------------------------------------------
     0 | D:1      | FruitAndGarbage, the Demigod Transmuter, began the quest for the Orb.
     0 | D:1      | Reached XP level 1. HP: 15/15 MP: 3/3
   165 | D:1      | Reached skill level 1 in Fighting
   400 | D:1      | Reached XP level 2. HP: 15/23 MP: 4/4
   406 | D:1      | Learned a level 2 spell: Sticks to Snakes
  1683 | D:3      | Reached XP level 3. HP: 28/28 MP: 8/8
  1702 | D:3      | Learned a level 3 spell: Spider Form
  1721 | D:3      | Gained mutation: Your system is resistant to poisons. [potion of mutation]
  1721 | D:3      | Gained mutation: Your mind is acute. (Int +2) [potion of mutation]
  1721 | D:3      | Gained mutation: You have supernaturally acute eyesight. [potion of mutation]
  1964 | D:3      | Noticed Quiffle's ghost (weakling HOFi)
  1985 | D:3      | HP: 1/28 [Quiffle's ghost (6)]
  1988 | D:3      | Mangled by a worm

Action                   || total
-------------------------++-------
Melee: Unarmed           ||   110
 Cast: Beastly Appendage ||    20
       Sticks to Snakes  ||     7
  Use: Potion            ||     4
 Stab: Sleeping          ||     3
  Eat: Chunk             ||     4
